Cogmind - Beta 15 @@@ ROGUE MODE // 2025.08.06 @ 14:40:13 Player: Lyla Result: Destroyed by YD-5V9(g) with Salvaging Laser Performance ------------- Evolutions (0) 0 Regions Visited (4) 800 Robots Destroyed (26) 130 Value Destroyed (582) 582 Prototype IDs (6) 120 Alien Tech Used (0) 0 Bonus (800) 800 TOTAL SCORE: 2432 Bonus ------- Registered with UFD 300 Met Optimus in HQ 500 Cogmind --------- Core Integrity 0/250 Matter 262/300 Energy 100/100 System Corruption 1% Temperature Cool (12) Movement Walking (190) Ox1 Location -8/Scraptown Parts ------- > --- POWER (1) -------- (None) > --- PROPULSION (2) --- Improved Carbon-fiber Leg > --- UTILITY (2) ------ Large Storage Unit Improved Melee Analysis Suite > --- WEAPON (2) ------- Great Axe > --- INVENTORY (15) --- Terrain Scanner Advanced Terrain Scan Processor Improved Propulsion Shielding Improved Shield Generator Improved System Shield Relay Coupler [Sentry] (4) Relay Coupler [Specialist] (4) Relay Coupler [Hunter] (2) Relay Coupler [Proto] (2) Relay Coupler [Proto] (2) Improved System Restoration Module Assault Rifle Shotgun CPS Tube (2) CPS Tube (2) Peak State ------------ > --- POWER ------------ Improved Deuterium Engine > --- PROPULSION ------- Improved Carbon-fiber Leg Improved Carbon-fiber Leg > --- UTILITY ---------- Large Storage Unit Improved Melee Analysis Suite > --- WEAPON ----------- Great Axe > --- INVENTORY -------- Terrain Scanner Advanced Terrain Scan Processor Improved Propulsion Shielding Improved Shield Generator Improved System Shield Relay Coupler [Sentry] Relay Coupler [Specialist] Relay Coupler [Hunter] Relay Coupler [Proto] Relay Coupler [Proto] Improved System Restoration Module Assault Rifle Shotgun CPS Tube CPS Tube [Rating: 27] Favorites ----------- Power Ion Engine Engine Ion Engine Power Core Light Nuclear Core Propulsion Light Treads Treads Light Treads Leg Improved Carbon-fiber Leg Flight Unit Flight Unit Utility Large Storage Unit Device Sensor Array Storage Large Storage Unit Processor Improved Melee Analysis Suite Protection Light Armor Plating Weapon Assault Rifle Energy Gun EM Shotgun Ballistic Gun Assault Rifle Ballistic Cannon Improved Light Cannon Special Weapon CPS Tube Slashing Weapon Great Axe Build | -11 -10 -10 -10 -8 ------- Run | Yrd Mat Min Sub Scr Slots Evolved . | . . . . . Power . | . . . . . Propulsion . | . . . . . Utility . | . . . . . Weapon . | . . . . . Parts Attached 32 | 7 7 . 3 15 Power 6 | 1 2 . . 3 Engine 5 | 1 2 . . 2 Core 1 | . . . . 1 Reactor . | . . . . . Propulsion 8 | 2 . . 1 5 Treads 4 | 2 . . 1 1 Leg 2 | . . . . 2 Wheel . | . . . . . Hover . | . . . . . Flight 2 | . . . . 2 Utility 7 | 1 3 . . 3 Device 2 | . 1 . . 1 Storage 3 | 1 2 . . . Processor 1 | . . . . 1 Hackware . | . . . . . Protection 1 | . . . . 1 Artifact . | . . . . . Weapon 11 | 3 2 . 2 4 Energy Gun 3 | 1 . . 2 . Energy Cannon . | . . . . . Ballistic Gun 3 | 2 . . . 1 Ballistic Cannon 2 | . 2 . . . Launcher . | . . . . . Special Weapon 2 | . . . . 2 Impact Weapon . | . . . . . Slashing Weapon 1 | . . . . 1 Piercing Weapon . | . . . . . Special Melee Weapon . | . . . . . Unidentified Prototypes . | . . . . . Parts Lost 8 | . 1 2 3 2 Power 2 | . 1 . . 1 Propulsion 2 | . . . 1 1 Utility . | . . . . . Weapon 4 | . . 2 2 . Highest Loss Streak 3 | . 1 1 3 2 To Critical Strikes . | . . . . . Average Backups 12 | 1 4 11 10 14 Power 1 | . . 2 3 1 Propulsion 3 | . . 5 5 2 Utility 3 | . . 1 1 4 Weapon 2 | 1 2 2 1 3 Tool/Special . | . . . . . Unused Backups 26 | . . . . 26 Power 3 | . . . . 3 Propulsion 5 | . . . . 5 Utility 16 | . . . . 16 Weapon 2 | . . . . 2 Tool/Special . | . . . . . Average Slot Usage (%) 79 | . 95 99 93 71 Engine 9 | . 13 14 14 7 Core 4 | . . . . 6 Treads 11 | . 28 28 22 4 Leg 8 | . . . . 12 Flight 5 | . . . . 7 Device 13 | . 9 14 14 13 Storage 14 | . 14 14 14 14 Ballistic Gun 7 | . 14 25 21 2 Ballistic Cannon 1 | . 13 2 . . Special Weapon 1 | . . . . 2 Peak Build Rating 27 | 6 10 10 9 27 Average Rating 11 | 4 7 8 7 13 On Entrance 6 | . 6 10 8 7 Naked Turns . | . . . . . Heaviest Build 38 | 14 34 32 31 38 Greatest Support 40 | 40 40 40 40 36 Greatest Overweight (x) 3 | 1 . . 1 3 Average Overweight (x) . | . . . . . Largest Inventory Capacity 15 | 8 15 15 15 15 Average Capacity 14 | 7 14 15 15 15 Most Carried 15 | 2 10 13 12 15 Average Carried 12 | 1 4 11 10 14 Final Capacity 15 | 8 15 15 15 15 Final Carried 15 | 2 10 12 9 15 Class Distribution -------------------- 100% | Mutant Dominant Class ---------------- Mutant | -10/Materials Mutant | -10/Mines Mutant | -10/Subcaves Mutant | -8/Scraptown Resources | -11 -10 -10 -10 -8 ----------- Run | Yrd Mat Min Sub Scr Matter Collected 958 | 217 270 82 111 278 Remotely . | . . . . . Salvage Created 742 | . 459 70 111 102 Parts 39 | . 26 7 4 2 Haulers Intercepted 2 | . 2 . . . Recyclers Shooed . | . . . . . Parts Field Recycled . | . . . . . Retrieved Matter . | . . . . . Parts Self-Destructed 4 | . . . 4 . Prevented . | . . . . . Kills | -11 -10 -10 -10 -8 ------- Run | Yrd Mat Min Sub Scr Combat Hostiles Destroyed 21 | . 11 6 2 2 Melee 1 | . . . . 1 Guns 7 | . 1 3 2 1 Cannons 13 | . 10 3 . . Classes Destroyed 8 | . 5 . 1 2 Hauler 2 | . 2 . . . Recycler 2 | . 2 . . . Watcher 1 | . 1 . . . Swarmer 9 | . 3 6 . . Grunt 8 | . 8 . . . Subdweller 2 | . . . 2 . Explorer 1 | . . . . 1 Ranger 1 | . . . . 1 Best Kill Streak 7 | . 7 5 1 2 Combat Bots Only 4 | . 4 3 1 2 Max Kills in Single Turn 2 | . 2 1 1 1 Gunslinging . | . . . . . Exploded . | . . . . . Melee 1 | . . . . 1 Uniques/NPCs Destroyed . | . . . . . Combat | -11 -10 -10 -10 -8 -------- Run | Yrd Mat Min Sub Scr Hostile Shots Fired 201 | . 84 50 22 45 Missed 60 | . 29 13 8 10 Hits 141 | . 55 37 14 35 Melee 1 | . . . . 1 Projectile 140 | . 55 37 14 34 Critical Strikes 1 | . . . . 1 Damage Taken 1566 | . 633 302 281 350 Core 253 | . 62 43 42 106 Absorbed by Shields . | . . . . . Core Remaining (%) 100 | 100 . . . . Volleys Fired 69 | . 34 18 12 5 Largest 2 | . 2 2 2 2 Hottest 66 | . 66 66 65 43 Shots Fired 134 | . 68 32 24 10 Gun 67 | . 8 25 24 10 Cannon 67 | . 60 7 . . Launcher . | . . . . . Special . | . . . . . Kinetic 125 | . 68 32 15 10 Thermal . | . . . . . Explosive . | . . . . . Electromagnetic 9 | . . . 9 . Robot Hit Streak 16 | . 16 3 11 7 Robot Miss Streak 3 | . 2 3 2 3 Penetration Max . | . . . . . Secondary Targets 1 | . . 1 . . Max Gunslinging Chain 1 | . . 1 . . Shots Hit Robots 88 | . 40 16 22 10 Core Hits 36 | . 18 6 7 5 Critical Kills . | . . . . . Critical Parts Destroyed . | . . . . . Critical Strikes . | . . . . . Melee Attacks 3 | . . . . 3 Impact . | . . . . . Slashing 3 | . . . . 3 Piercing . | . . . . . Sneak Attacks . | . . . . . Combat Hostiles . | . . . . . Follow-up Attacks . | . . . . . Damage Inflicted 1602 | . 802 277 275 248 Guns 629 | . 76 151 275 127 Cannons 852 | . 726 126 . . Explosions . | . . . . . Melee 121 | . . . . 121 Ramming . | . . . . . Kinetic 1374 | . 802 277 168 127 Thermal . | . . . . . Explosive . | . . . . . Electromagnetic 107 | . . . 107 . Impact . | . . . . . Slashing 121 | . . . . 121 Piercing . | . . . . . Highest Corruption 1 | . . . . 1 Average Corruption 1 | . . . . 1 Corruption Purged . | . . . . . Corruption Blocked . | . . . . . Overload Shots . | . . . . . Overflow Damage 43 | . 1 1 . 41 Projectiles 2 | . 1 1 . . Explosions . | . . . . . Melee 41 | . . . . 41 Knockbacks 10 | . 8 2 . . Impact . | . . . . . Kinetic 8 | . 6 2 . . Secondary 2 | . 2 . . . Self-Inflicted Damage . | . . . . . Shots . | . . . . . Rammed . | . . . . . Targets Rammed . | . . . . . Kicked . | . . . . . Crushed . | . . . . . Highest Temperature 132 | . 132 6 . . Average Temperature 49 | . 50 3 . . Received Heat Transfer 459 | . 309 . 84 66 Siege Activations . | . . . . . Martial Activations . | . . . . . Shielding Activations . | . . . . . Robots Disrupted . | . . . . . Combat Hostiles . | . . . . . Robots Corrupted . | . . . . . Combat Hostiles . | . . . . . Parts Fried . | . . . . . Impact Corruptions . | . . . . . Robots Melted . | . . . . . Combat Hostiles . | . . . . . Parts Melted 1 | . . . 1 . Heat Transferred . | . . . . . Parts Sabotaged . | . . . . . Parts Stolen . | . . . . . Parts Stripped . | . . . . . Power Chain Reactions . | . . . . . Alert | -11 -10 -10 -10 -8 ------- Run | Yrd Mat Min Sub Scr Maximum Alert Level 1 | . 1 . . . Low Security (%) 99 | 100 98 100 . . Level 1 . | . 1 . . . Level 2 . | . . . . . Level 3 . | . . . . . Level 4 . | . . . . . Level 5 . | . . . . . High Security . | . . . . . Max Security . | . . . . . Peak Influence 205 | . 205 129 . . Initial 69 | . . 69 . . Average 49 | . 66 43 . . Influence Increases 447 | . 307 140 . . Destroy 0b10 Robot/C 340 | . 220 120 . . Destroy 0b10 Robot/NC 25 | . 25 . . . Destroy Leader 66 | . 46 20 . . Disable Machine 15 | . 15 . . . Destroy Structure 1 | . 1 . . . Influence Decreases 447 | . 130 317 . . Entered New Map 108 | . . 108 . . Time Decay 309 | . 120 189 . . Lost Part 30 | . 10 20 . . Squads Dispatched 2 | . 2 . . . Investigation 1 | . 1 . . . Extermination . | . . . . . Reinforcement 1 | . 1 . . . Assault . | . . . . . Garrison . | . . . . . Intercept . | . . . . . Searches Triggered . | . . . . . Construction Impeded . | . . . . . Haulers Reinforced . | . . . . . Active Scanning Responses . | . . . . . Cargo Convoy Interrupts . | . . . . . Stealth | -11 -10 -10 -10 -8 --------- Run | Yrd Mat Min Sub Scr Distress Signals 1 | . 1 . . . Communications Jammed . | . . . . . Distress Signals . | . . . . . Times Spotted 34 | . 12 5 2 15 Peak Tracking Total 10 | . 6 3 2 10 Tactical Retreats 2 | . . . . 2 Traps | -11 -10 -10 -10 -8 ------- Run | Yrd Mat Min Sub Scr Traps Triggered 1 | . 1 . . . Indirectly . | . . . . . Trap Hack Attempts . | . . . . . Triggered . | . . . . . Disarmed . | . . . . . Reprogrammed . | . . . . . Reused . | . . . . . Traps Extracted . | . . . . . Installed . | . . . . . Triggered . | . . . . . Machines | -11 -10 -10 -10 -8 ---------- Run | Yrd Mat Min Sub Scr Machines Disabled 1 | . 1 . . . Max in Single Turn 1 | . 1 . . . Machines Repaired . | . . . . . Machines Dismantled . | . . . . . Machines Sabotaged . | . . . . . Overloaded Fab Kills . | . . . . . Hacking | -11 -10 -10 -10 -8 --------- Run | Yrd Mat Min Sub Scr Machines Accessed 6 | . . . . 6 Terminals . | . . . . . Fabricators . | . . . . . Repair Stations . | . . . . . Recycling Units . | . . . . . Scanalyzers . | . . . . . Garrison Access . | . . . . . Total Hacks 38 | . . . . 38 Successful 38 | . . . . 38 Failed . | . . . . . Catastrophic . | . . . . . Database Lockouts . | . . . . . Manual . | . . . . . Terminals . | . . . . . Fabricators . | . . . . . Repair Stations . | . . . . . Recycling Units . | . . . . . Scanalyzers . | . . . . . Garrison Access . | . . . . . Terminal Hacks 38 | . . . . 38 Record 37 | . . . . 37 Proto ID Catalog 1 | . . . . 1 Fabricator Hacks . | . . . . . Repair Station Hacks . | . . . . . Recycling Unit Hacks . | . . . . . Scanalyzer . | . . . . . Garrison Access Hacks . | . . . . . Unauthorized Hacks . | . . . . . Terminals . | . . . . . Fabricators . | . . . . . Repair Stations . | . . . . . Recycling Units . | . . . . . Scanalyzers . | . . . . . Garrison Access . | . . . . . Data Cores Recovered . | . . . . . Used . | . . . . . Hacking Detections . | . . . . . Full Trace Events . | . . . . . Feedback Events . | . . . . . Feedback Blocked . | . . . . . Robot Schematics Acquired . | . . . . . Robots Built . | . . . . . Authchips . | . . . . . Time . | . . . . . Total Robot Build Rating . | . . . . . Part Schematics Acquired . | . . . . . Parts Built . | . . . . . Authchips . | . . . . . Time . | . . . . . Total Part Build Rating . | . . . . . Parts Repaired . | . . . . . Time . | . . . . . Parts Recycled . | . . . . . Recycled Matter . | . . . . . Retrieved Matter . | . . . . . Retrieved Components . | . . . . . Parts Scanalyzed . | . . . . . Part Schematics Acquired . | . . . . . Parts Damaged . | . . . . . Bothacking | -11 -10 -10 -10 -8 ------------ Run | Yrd Mat Min Sub Scr Used RIF Installer . | . . . . . Robots Hacked . | . . . . . Non-combat . | . . . . . Combat . | . . . . . Robot Hacks Applied . | . . . . . Relay Couplers Released . | . . . . . Fabnet Peak Effective % . | . . . . . Robots Rewired . | . . . . . Allies Hacked . | . . . . . Hacks Repelled . | . . . . . Allies | -11 -10 -10 -10 -8 -------- Run | Yrd Mat Min Sub Scr Total Allies . | . . . . . Largest Group . | . . . . . Highest-Rated Group . | . . . . . Highest-Rated Ally . | . . . . . Total Orders . | . . . . . Ally Attacks . | . . . . . Total Damage . | . . . . . Kills . | . . . . . Allies Corrupted . | . . . . . Allies Melted 3 | . . . . 3 Intel | -11 -10 -10 -10 -8 ------- Run | Yrd Mat Min Sub Scr Active Infowar (turns) 4121 | . 348 670 178 2925 Sensors 4023 | . 348 670 178 2827 Terrain 98 | . . . . 98 Robot Analysis Total . | . . . . . Derelict Logs Recovered 1 | . . 1 . . Drone Launches . | . . . . . Drone Recoveries . | . . . . . Exploration | -11 -10 -10 -10 -8 ------------- Run | Yrd Mat Min Sub Scr Turns Passed 4504 | 79 489 670 178 3088 Spaces Moved 2221 | 49 218 161 77 1716 Core 14 | 14 . . . . Treads 855 | 35 218 161 77 364 Legs 1067 | . . . . 1067 Wheels . | . . . . . Hover . | . . . . . Flight 285 | . . . . 285 Fastest Speed 50 | 50 160 160 160 120 Average Speed 171 | 136 160 160 181 174 Slowest Speed 277 | 160 160 160 240 277 Overloaded Moves . | . . . . . Propulsion Burnouts . | . . . . . Robots Hopped . | . . . . . Potential Cave-ins . | . . . . . Cave-ins Triggered . | . . . . . Exploration Rate (%) 31 | 4 33 31 8 83 Regions Visited 4 Branch Regions 3 Pre-discovered Areas . | . . . . . Known Exits Taken 1 | . . 1 . . Unknown Exits Taken 3 | 1 1 . 1 . Scrap Searched 4 | . . . . 4 Spaces Dug . | . . . . . Terrain Destroyed 1 | . 1 . . . Melee . | . . . . . Projectile 1 | . 1 . . . AOE . | . . . . . Terrain Rammed . | . . . . . Walls Destroyed . | . . . . . Machines Disabled . | . . . . . Actions | -11 -10 -10 -10 -8 --------- Run | Yrd Mat Min Sub Scr Total 2793 | 58 289 542 92 1812 Wait 376 | . 13 358 . 5 Move 2217 | 48 217 160 76 1716 Hop . | . . . . . Pick Up 52 | 3 12 4 . 33 Fast Attach 10 | 5 3 . . 2 Attach 11 | 1 1 2 2 5 Detach 4 | . . . . 4 Swap 16 | 1 4 . 1 10 Drop 35 | . 5 . 1 29 Fire 69 | . 34 18 12 5 Melee 3 | . . . . 3 Ram . | . . . . . Kick . | . . . . . Crush . | . . . . . Escape Stasis . | . . . . . Rewire . | . . . . . Trap . | . . . . . Miscellaneous . | . . . . . Route ------- -11/Scrapyard -10/Materials -10/Mines (discovered 2 exits: [*Mat] / *Sub) -10/Subcaves -8/Scraptown (discovered 1 exit: [*Fac]) History --------- Turn | Location | Event 2 | -11/Scrapyard | Met Revision 17 3 | -11/Scrapyard | Discovered new exit (range 16) 80 | -11/Scrapyard | Entered Materials 318 | -10/Materials | Build established: Mutant 354 | -10/Materials | Discovered new exit (range 11) 569 | -10/Materials | Entered Mines 584 | -10/Mines | Met a Derelict bent on vengeance 666 | -10/Mines | Discovered new exit (range 7) 760 | -10/Mines | Identified exit to Subcaves 1239 | -10/Mines | Entered Subcaves 1240 | -10/Subcaves | Approached by a straggling Scientist 1311 | -10/Subcaves | A swath of the cavern ceiling suddenly collapsed 1361 | -10/Subcaves | Core integrity fell below 50% 1388 | -10/Subcaves | Lost 3 parts (1n2w) 1409 | -10/Subcaves | Scientist uncovered a shortcut to Scraptown 1417 | -10/Subcaves | Entered Scraptown 1574 | -8/Scraptown | Heard Great Nut preacher, LISTEN AND RECITE! 1714 | -8/Scraptown | Visited Fellowship of the Rings 1789 | -8/Scraptown | Visited Comm Corps 1966 | -8/Scraptown | Visited Shadow of the Wyrm 3197 | -8/Scraptown | Visited SPCMW 3321 | -8/Scraptown | Discovered new exit (range 9) 3657 | -8/Scraptown | Visited Red Mages 3680 | -8/Scraptown | Found Relay Coupler [Proto] 3682 | -8/Scraptown | Found Relay Coupler [Proto] 3717 | -8/Scraptown | Visited Assassins FH 3741 | -8/Scraptown | Visited Bundlers 3848 | -8/Scraptown | Visited UFD Registry 3848 | -8/Scraptown | Registered with UFD as "Metalroller" 3899 | -8/Scraptown | Visited Science Guys 3948 | -8/Scraptown | Visited Research Penetration Think Tank 4011 | -8/Scraptown | Visited Chapter 10 4081 | -8/Scraptown | Visited Curators Association 4113 | -8/Scraptown | Visited Junk Repository 4182 | -8/Scraptown | Met Optimus 4182 | -8/Scraptown | Accepted into 0bPrime 4239 | -8/Scraptown | Visited Scrap Suit Storage 4246 | -8/Scraptown | Civil war broke out across Scraptown 4390 | -8/Scraptown | Lost 10 allies 4495 | -8/Scraptown | Optimus destroyed in the chaos of civil war 4500 | -8/Scraptown | Core integrity fell below 20% 4505 | -8/Scraptown | Destroyed by YD-5V9(g) with Salvaging Laser Last Messages --------------- Bolt penetrates Machine. ANNOUNCEMENT: The traitor Optimus has been dealt with. Put down any remaining collaborators. UJ-2BF(h) suffers critical hit (Impale). UJ-2BF(h) destroyed. Machine collapses. Penetrated by Bolt. Bolt penetrates YS-7QS(x). Penetrated by Bolt. Bolt penetrates YS-7QS(x). YS-7QS(x) destroyed. Penetrated by Bolt. Bolt penetrates Machine. Penetrated by Bolt. Imp. Carbon-fiber Leg destroyed. Imp. Deuterium Engine destroyed. Penetrated by Bolt. Destroyed Airjet. BB-E1X(h) destroyed. Penetrated by Bolt. Map ----- +----------------------------------------------------+ | ?????????????????????????????????????????????????? | | ?????????????????????????????????????????????????? | | ?????????????????????????????????????????????????? | | ?????????????????????????????????????????????????? | | ?????????????????????????????????????????????????? | | ???????????????????? ????????????????????????????? | | ?????????????????????????????????????????????????? | | ?????????????????????????????????????????????????? | | ?????????????????????????????????????????????????? | | ?????##???##??????????????*!?????????????????????? | | ?????#"###"#??????????????=[?????????????????????? | | ??#### "]" ####???????????/%#????????????????????? | | ??#" """ "#????#??????=/#????????????????????? | | ???#"" ""#???????????? =;????????????????????? | | ???#!" "!#???????????? #??? ????????????????? | | ??##"" ""############# #????????????????????? | | ??#" "##[!#]!!#! # #??? ????????????????? | | ??##"" ""###]/# ]#!!# #? ""????????????????? | | ???#=" "!#?#! # #!!#j #? ???????????????? | | ??##"" ""### #j #?" ??? ????????????? | | ??#" "## #gj#? ?????????????????? | | ?#######%########### ##### #? #????#????????????? | | ######## ########### #####hg## ##????????????????? | | """" """ """""""""" " ""%%!"" "#????????????????? | | %%= !%!& "#?? ?????????????? | | ! =@!= "#??? "???????? | | % ! ! [= [ "#?? ????????? | | !%*% *%! "##" " "?????????? | | = [ = " ????????? | | " """""""""""""""""""""""" "##" ""???????????? | | """""""""""""""""""""""""" *=%!"#?? ????????????? | | ###### #"##############""=%[ "#????????????????? | | # *[ ##????????#"" [! "##########???????? | | # = %X"#????????#"" "## #"""""#???????? | | # "" ""[ %##????????#" ! "## ! ! #???????? | | # "" ""!X"#??????###""=! "## ##"#????? | | # " "!=###"#####*#""*[= "## * X" #????? | | "" *=!%!=%!!==!%= #????? | | "" =%[!*=![%%*!%=[! "## #????? | | # " " #######[#!#*"!== "## ! !! !#????? | | # "" "" ""#????#?###""!! "## #"""""#""#????? | | # "" "" ##????????#""[ "#############????? | | # X"#????????#"" "#????????????????? | | # ##????????#"" !%="#????????????????? | | ###### ################"" #????? "?????????? | | """""""""""""""""""""""""" ! ##" ""???????? | | """"" """"" """"" """" %% " "???????? | | ! "##" "???????? | | * "#?? ## "???????? | | ! ==%%[ "#??? #??????????? | +----------------------------------------------------+ Best States ------------- Heat Dissipation 25 Energy Generation 16 Energy Capacity 290 Matter Stores 300 Matter Capacity 300 Sight Range 16 Robot Scan Range 14 Terrain Scan Range 14 Terrain Scan Density 10 Armor Coverage 150 Evasion (%) 55 Melee Accuracy 6 Recoil Reduction 2 Item Schematics ----------------- None Robot Schematics ------------------ None Fabricated ------------ Nothing Repaired ---------- Nothing Alien Tech Used ----------------- None Achievements -------------- Librarian Challenges ------------ None Game ------ Seed HardcellAmuletTriangulator Manual? 0 Play Time 00:41:49 Cumulative 4.2 hours Start 2025.08.06 @ 13:51:53 End 2025.08.06 @ 14:40:13 Sessions 1 Manual Loads 0 Difficulty Rogue Special Mode None Game No. 6 Rogue 6 Adventurer 0 Explorer 0 Win Type - Total 0 Types 0/0/0/0/0/0/0/0/0/0 Lore% 6 Gallery% 7 Achievement% 8 Wizard Run 0 Options --------- Layout 1 ASCII 0 Keyboard 0 Movement Mouse Keybinds 0 Fullscreen 1 Font 24/X11 Map View 50x35 Zoom Use 0% Tactical HUD 0 Map Filters NONE Filters NONE Steam 1 RUN: 02ba2587-90f7-4bf5-b3ee-916284a18d32